 Dungeon Crawl Stone Soup version 0.31.0-12-g77e489cdc1 (webtiles) character file.

Game seed: 15692764401633204721

191 Ruich the Ruffian (level 5, 0/53 HPs)
             Began as a Troll Fighter on Mar 1, 2024.
             Slain by Pikel
             ... wielding a +2 whip of freezing
              (1 damage)
             ... on level 4 of the Dungeon.
             The game lasted 00:03:25 (1871 turns).

Ruich the Ruffian (Troll Fighter)                   Turns: 1871, Time: 00:03:26

Health: 0/53       AC:  4    Str: 24    XL:     5   Next: 41%
Magic:  4/4        EV:  9    Int:  6    God:
Gold:   187        SH:  8    Dex:  9    Spells: 4/4 levels left

rFire   . .          .
                       - Unarmed
rCold   + . .        b - +0 kite shield
rNeg    . . .        a - +0 robe
rPois   .            (helmet restricted)
rElec   .            u - scarf {+Inv}
rCorr   .            (gloves unavailable)
SInv    .            (boots unavailable)
Will    .....        r - amulet of the acrobat
Stlth   +            m - ring of protection from cold
HPRegen 1.08/turn    (no ring)
MPRegen 0.09/turn

%: acrobat
@: mighty
A: large, unfitting armour, claws 3, regeneration 1, shaggy fur 1, tough skin 1
a: Evoke Invisibility


You were on level 4 of the Dungeon.
You visited 1 branch of the dungeon, and saw 4 of its levels.

You collected 187 gold pieces.


Innate Abilities, Weirdness & Mutations

You are too large for most types of armour.
You have claws for hands.
Your natural rate of healing is unusually fast.
You are covered in fur. (AC +1)
You have tough skin. (AC +1)


   Skills:
 + Level 3.1 Fighting
 + Level 3.1 Dodging
 + Level 3.4 Shields
 * Level 3.8 Unarmed Combat


You had 4 spell levels left.
You didn't know any spells.
Your spell library was empty.

Inventory:

Missiles
 j - 2 throwing nets (quivered) {=f}
Armour
 a - a +0 robe (worn)
 b - a +0 kite shield (worn)
 u - a scarf of invisibility (worn)
Jewellery
 m - a ring of protection from cold (left claw)
 r - an amulet of the acrobat (around neck)
Scrolls
 f - 2 scrolls of torment {unknown}
 k - a scroll of enchant armour {unknown}
 l - a scroll of teleportation {unknown}
 o - 2 scrolls of blinking {unknown}
 q - 3 scrolls of vulnerability {unknown}
 s - a scroll of fog {unknown}
 v - a scroll of fear {unknown}
Potions
 c - a potion of might
 d - a potion of resistance {unknown}
 e - a potion of cancellation {unknown}
 g - 3 potions of enlightenment {unknown}
 h - a potion of magic {unknown}
 i - a potion of degeneration {unknown}
 n - a potion of berserk rage {unknown}
 p - a potion of attraction {unknown}
 t - 2 potions of lignification {unknown}

Dungeon Overview and Level Annotations

Branches:
Dungeon (4/15)
 Temple: D:4-7

Altars:
Hepliaklqana
Uskayaw

Annotations:
D:4 Pikel

### .5. .. #5# .. #5# ..
# #K# #.
#####.#@###############.
#.....5.##...........##.
..#####....(########.##.
#####.# #.##. +.# #....
#.# ####. ..# #. .## #.
. ..


You could see Pikel and 4 lemures.


Message History

You block the lemure's attack.
Pikel hits you with a +2 whip of freezing!
* * * LOW HITPOINT WARNING * * *
Pikel freezes you.
* * * LOW HITPOINT WARNING * * *
You closely miss Pikel.
Pikel is moderately wounded.
Pikel hits you with a +2 whip of freezing.
* * * LOW HITPOINT WARNING * * *
Pikel freezes you.
* * * LOW HITPOINT WARNING * * *
Unknown command.
You scratch Pikel but do no damage.
Pikel is moderately wounded.
* * * LOW HITPOINT WARNING * * *
Pikel hits you but does no damage.
Unknown command.
You barely miss Pikel.
Pikel is moderately wounded.
You block the lemure's attack. Pikel closely misses you.
Unknown command.
You scratch Pikel.
Pikel is heavily wounded.
You block the lemure's attack.
Pikel cracks his whip.
Pikel hits you with a +2 whip of freezing!
* * * LOW HITPOINT WARNING * * *
Pikel freezes you.
You die...
Pikel says, "See you in Hell!"

Skill      XL: |  1  2  3  4 |
---------------+-------------+-----
Shields        | 3 |  3.4
Unarmed Combat | 3 |  3.8
Fighting       | 3 |  3.1
Dodging        | 3 |  3.1

Action                     |  1- 3 |  4- 6 || total
---------------------------+-------+-------++-------
  Melee: Unarmed           |    83 |    98 ||   181
  Throw: Throwing net      |       |     1 ||     1
    Use: Potion            |       |     1 ||     1
   Stab: Sleeping          |     2 |       ||     2
 Armour: Robe              |    32 |    54 ||    86
  Dodge: Dodged            |    29 |    26 ||    55
  Block: Kite shield       |    26 |    32 ||    58

Levels and vault maps discovered:
D:1:      psy_arrival_terrarium, layout_basic
D:2:      layout_loops_cross
D:3:      layout_basic, mainiacjoe_overflow_catch_the_wave, uniq_jessica
D:4:      layout_loops_ring, mainiacjoe_overflow_surrounded_room,
          portal_sewer_entry_a, uniq_pikel

Notes
Turn   | Place    | Note
-------+----------+-------------------------------------------
     0 | D:1      | Ruich the Troll Fighter began the quest for the Orb.
     0 | D:1      | Reached XP level 1. HP: 22/22 MP: 0/0
   168 | D:1      | Reached XP level 2. HP: 28/29 MP: 1/1
   616 | D:2      | Reached XP level 3. HP: 32/36 MP: 2/2
   620 | D:2      | Reached skill level 3 in Shields
   638 | D:2      | Reached skill level 3 in Unarmed Combat
   696 | D:2      | Reached XP level 4. HP: 43/44 MP: 3/3
   965 | D:2      | Reached skill level 3 in Fighting
  1151 | D:3      | Found a hazy altar of Hepliaklqana.
  1243 | D:3      | Noticed Jessica
  1260 | D:3      | Killed Jessica
  1261 | D:3      | Reached skill level 3 in Dodging
  1261 | D:3      | Reached XP level 5. HP: 53/53 MP: 4/4
  1493 | D:3      | Found a hide-covered altar of Uskayaw.
  1857 | D:4      | Noticed a lemure
  1857 | D:4      | Noticed a lemure
  1858 | D:4      | Identified a +2 robe of resistance
  1858 | D:4      | Noticed Pikel
  1860 | D:4      | Noticed a lemure
  1862 | D:4      | Noticed a lemure
  1871 | D:4      | HP: 1/53 [Pikel/+2 whip of freezing (8)]
  1871 | D:4      | Slain by Pikel

Vanquished Creatures
  A hound (D:4)
  Jessica (D:3)
  6 gnolls (D:2)
  2 adders
  2 dart slugs
  A ribbon worm (D:2)
  5 ball pythons
  3 bats
  7 endoplasms
  2 giant cockroaches (D:2)
  5 goblins
  4 hobgoblins
  A quokka (D:2)
  4 frilled lizards
  6 kobolds
  9 rats
59 creatures vanquished.

Table legend: (Time is in decaauts)
 A = Elapsed time spent in this place.
 B = Non-inter-level travel time spent in this place.
 C = Inter-level travel time spent in this place.
 D = Time resting spent in this place.
 E = Time spent auto-exploring this place.
 F = Levels seen in this place.
 G = Mean time per level.
                   A        B        C        D        E       F      G
               +--------+--------+--------+--------+--------+-----+--------+
         Total |   1883 |   1841 |     42 |     16 |   1353 |   4 |  470.8 |
       Dungeon |   1883 |   1841 |     42 |     16 |   1353 |   4 |  470.8 |
               +--------+--------+--------+--------+--------+-----+--------+

Top non-repeatable levels by time:
     D:2: 654 daAuts
     D:3: 520 daAuts
     D:1: 506 daAuts
     D:4: 201 daAuts

Table legend:
 A = Non-vault XP
 B = Vault XP
 C = Vault XP percentage of total XP
 D = Non-vault monster count
 E = Vault monster count
 F = Vault count percentage of total count
                 A         B        C        D         E       F
            +---------+---------+-------+---------+---------+-------
      Total |     236 |      37 |  13.6 |      58 |       1 |   1.7
            +---------+---------+-------+---------+---------+-------
        D:1 |      29 |       0 |   0.0 |      18 |       0 |   0.0
        D:2 |     140 |       0 |   0.0 |      31 |       0 |   0.0
        D:3 |       9 |      37 |  80.4 |       5 |       1 |  16.7
        D:4 |      58 |       0 |   0.0 |       4 |       0 |   0.0
            +---------+---------+-------+---------+---------+-------
